SNL (28 & UNDER)
MEMPHIS BLUES @ BLACKIRON DRAGONS
09/05/2025
 
TOP OF THE 1ST
Memphis Blues batting - Pitching for BlackIron Dragons : LHP Ben Johnson
Pitching: LHP Ben Johnson
Batting: RHB Artie Green 0-0: Ball
1-0: Called Strike
1-1: Reached on error, E5 (Groundball, 5)
Batting: RHB Jaime Spiridon 0-0: Called Strike
0-1: Grounds into double play, 6-4-3 (Groundball, 6M)
Batting: LHB Phil Cantrell 0-0: Swinging Strike
0-1: Fly out, F2 (Popup, 23F)
Top of the 1st over - 0 run(s), 0 hit(s), 1 error(s), 0 left on base; Memphis 0 - BlackIron 0
BOTTOM OF THE 1ST
BlackIron Dragons batting - Pitching for Memphis Blues : RHP Larry West
Pitching: RHP Larry West
Batting: RHB José Colón 0-0: Ball
1-0: Ball
2-0: Swinging Strike
2-1: Ball
3-1: Foul Ball, location: 2F
3-2: Foul Ball, location: 2F
3-2: Foul Ball, location: 2F
3-2: Reached on error, E6 (Groundball, 6)
Batting: RHB Boyd Pittman 0-0: Called Strike
0-1: Ball
1-1: Grounds into double play, U4-3 (Groundball, 4)
Batting: RHB Gil Palmer 0-0: Ball
1-0: Ball
2-0: Ball
3-0: Called Strike
3-1: Called Strike
3-2: Strikes out swinging
Bottom of the 1st over - 0 run(s), 0 hit(s), 1 error(s), 0 left on base; Memphis 0 - BlackIron 0
TOP OF THE 2ND
Memphis Blues batting - Pitching for BlackIron Dragons : LHP Ben Johnson
Batting: LHB Chris Austin 0-0: Ground out 4-3 (Groundball, 34)
Batting: LHB Ken Nelson 0-0: Called Strike
0-1: Ball
1-1: Called Strike
1-2: Ball
2-2: Ball
3-2: Fly out, F6 (Line Drive, 6)
Batting: RHB Glenn Melican 0-0: Ball
1-0: Foul Ball, location: 2F
1-1: Ball
2-1: Swinging Strike
2-2: Ground out 5-3 (Groundball, 5L)
Top of the 2nd over - 0 run(s), 0 hit(s), 0 error(s), 0 left on base; Memphis 0 - BlackIron 0
BOTTOM OF THE 2ND
BlackIron Dragons batting - Pitching for Memphis Blues : RHP Larry West
Batting: LHB Culley Vaughan 0-0: Called Strike
0-1: Swinging Strike
0-2: Strikes out looking
Batting: RHB Preston MacLyan 0-0: Ball
1-0: Ball
2-0: Foul Ball, location: 2F
2-1: SINGLE (Line Drive, 7LS)
Batting: RHB Frank Maxwell 0-0: Ball
1-0: Ball
2-0: Swinging Strike
2-1: Called Strike
Preston MacLyan steals 2nd base
2-2: Ball
3-2: Strikes out swinging
Batting: RHB Mark Arnold 0-0: Fly out, F4 (Popup, 89S)
Bottom of the 2nd over - 0 run(s), 1 hit(s), 0 error(s), 1 left on base; Memphis 0 - BlackIron 0
TOP OF THE 3RD
Memphis Blues batting - Pitching for BlackIron Dragons : LHP Ben Johnson
Batting: RHB Jorge Domínguez 0-0: Foul Ball, location: 2F
0-1: Ball
1-1: Ball
2-1: Ball
3-1: Base on Balls
Batting: LHB Alan McGilroy 0-0: Called Strike
Jorge Domínguez steals 2nd base
0-1: Ball
1-1: Swinging Strike
1-2: Fly out, F7 (Flyball, 7M)
Batting: RHB Salvador Mendoza 0-0: Called Strike
0-1: Foul Ball, location: 2F
0-2: Foul Ball, location: 2F
0-2: Foul Ball, location: 2F
0-2: Foul Ball, location: 2F
0-2: Strikes out swinging
Batting: RHB Artie Green 0-0: Fly out, F8 (Flyball, 8LD)
Top of the 3rd over - 0 run(s), 0 hit(s), 0 error(s), 1 left on base; Memphis 0 - BlackIron 0
BOTTOM OF THE 3RD
BlackIron Dragons batting - Pitching for Memphis Blues : RHP Larry West
Batting: RHB Doug O'Brien 0-0: Called Strike
0-1: Ball
1-1: Swinging Strike
1-2: Ball
2-2: Foul Ball, location: 2F
2-2: Foul Ball, location: 2F
2-2: Foul Ball, location: 2F
2-2: Strikes out swinging
Batting: RHB Eugene Payne 0-0: SINGLE (Line Drive, 7S)
Batting: RHB José Colón 0-0: Grounds into double play, U6-3 (Groundball, 6M)
Bottom of the 3rd over - 0 run(s), 1 hit(s), 0 error(s), 0 left on base; Memphis 0 - BlackIron 0
TOP OF THE 4TH
Memphis Blues batting - Pitching for BlackIron Dragons : LHP Ben Johnson
Batting: RHB Jaime Spiridon 0-0: Ball
1-0: Swinging Strike
1-1: Ground out 5-3 (Groundball, 56)
Batting: LHB Phil Cantrell 0-0: Foul Ball, location: 2F
0-1: Swinging Strike
0-2: Strikes out swinging
Batting: LHB Chris Austin 0-0: Called Strike
0-1: Ball
1-1: Swinging Strike
1-2: Ball
2-2: Strikes out looking
Top of the 4th over - 0 run(s), 0 hit(s), 0 error(s), 0 left on base; Memphis 0 - BlackIron 0
BOTTOM OF THE 4TH
BlackIron Dragons batting - Pitching for Memphis Blues : RHP Larry West
Batting: RHB Boyd Pittman 0-0: Fly out, F3 (Popup, 3F)
Batting: RHB Gil Palmer 0-0: Called Strike
0-1: Ground out 5-3 (Groundball, 56S)
Batting: LHB Culley Vaughan 0-0: Ball
1-0: Fly out, F8 (Popup, 8RS)
Bottom of the 4th over - 0 run(s), 0 hit(s), 0 error(s), 0 left on base; Memphis 0 - BlackIron 0
TOP OF THE 5TH
Memphis Blues batting - Pitching for BlackIron Dragons : LHP Ben Johnson
Batting: LHB Ken Nelson 0-0: Called Strike
0-1: SINGLE (Line Drive, 89S)
Batting: RHB Glenn Melican 0-0: Ball
Wild Pitch!
Ken Nelson to second
1-0: Called Strike
1-1: Ball
2-1: Foul Ball, location: 2F
2-2: Hit by Pitch
Pinch Runner at 1st Chase Mueller:
Batting: RHB Jorge Domínguez 0-0: Ball
1-0: Called Strike
1-1: Fielders Choice at 2nd, 4-6 (Groundball, 4)
Ken Nelson to third
Batting: LHB Alan McGilroy 0-0: Swinging Strike
0-1: Called Strike
0-2: Ball
1-2: Ball
2-2: Foul Ball, location: 2F
2-2: Ball
3-2: Strikes out swinging
Jorge Domínguez steals 2nd base
Batter strikes out.
Batting: RHB Salvador Mendoza 0-0: Foul Ball, location: 2F
0-1: Ground out 6-3 (Groundball, 6)
Top of the 5th over - 0 run(s), 1 hit(s), 0 error(s), 2 left on base; Memphis 0 - BlackIron 0
BOTTOM OF THE 5TH
BlackIron Dragons batting - Pitching for Memphis Blues : RHP Larry West
Now at SS: Chase Mueller
Batting: RHB Preston MacLyan 0-0: Fly out, F9 (Flyball, 89M)
Batting: RHB Frank Maxwell 0-0: Called Strike
0-1: Swinging Strike
0-2: Ball
1-2: Ball
2-2: Ball
3-2: Foul Ball, location: 2F
3-2: Foul Ball, location: 2F
3-2: Strikes out swinging
Batting: RHB Mark Arnold 0-0: Ball
1-0: Foul Ball, location: 2F
1-1: Foul Ball, location: 2F
1-2: Ball
2-2: SINGLE (Groundball, 56D)
Batting: RHB Doug O'Brien 0-0: Ball
1-0: Fly out, F7 (Flyball, 78M)
Bottom of the 5th over - 0 run(s), 1 hit(s), 0 error(s), 1 left on base; Memphis 0 - BlackIron 0
TOP OF THE 6TH
Memphis Blues batting - Pitching for BlackIron Dragons : LHP Ben Johnson
Batting: RHB Artie Green 0-0: Ground out 4-3 (Groundball, 4)
Batting: RHB Jaime Spiridon 0-0: Swinging Strike
0-1: Ball
1-1: SINGLE (Line Drive, 78M)
Batting: LHB Phil Cantrell 0-0: Swinging Strike
0-1: Ball
1-1: Swinging Strike
1-2: Foul Ball, location: 2F
1-2: SINGLE (Groundball, 6M)
Jaime Spiridon to second
Runner from 2nd tries for 3rd, SAFE, no throw or cutoff
Batting: LHB Chris Austin 0-0: Ball
1-0: Called Strike
1-1: Ball
2-1: Ball
3-1: Grounds into double play, 6-4-3 (Groundball, 6)
Top of the 6th over - 0 run(s), 2 hit(s), 0 error(s), 1 left on base; Memphis 0 - BlackIron 0
BOTTOM OF THE 6TH
BlackIron Dragons batting - Pitching for Memphis Blues : RHP Larry West
Batting: RHB Eugene Payne 0-0: Ball
1-0: Ground out 4-3 (Groundball, 4)
Batting: RHB José Colón 0-0: Ball
1-0: Called Strike
1-1: Foul Ball, location: 2F
1-2: SINGLE (Groundball, 56D)
Batting: RHB Boyd Pittman 0-0: Ball
1-0: Ball
2-0: Ball
3-0: Foul Ball, location: 2F
3-1: Base on Balls
José Colón to second
Batting: RHB Gil Palmer 0-0: Ball
1-0: Ball
2-0: Foul Ball, location: 2F
2-1: Fly out, F8 (Flyball, 8RD)
Batting: LHB Culley Vaughan 0-0: Called Strike
0-1: Swinging Strike
0-2: Ball
1-2: Foul Ball, location: 2F
1-2: Foul Ball, location: 2F
1-2: Foul Ball, location: 2F
1-2: Foul Ball, location: 2F
1-2: Ball
2-2: Strikes out swinging
Bottom of the 6th over - 0 run(s), 1 hit(s), 0 error(s), 2 left on base; Memphis 0 - BlackIron 0
TOP OF THE 7TH
Memphis Blues batting - Pitching for BlackIron Dragons : LHP Ben Johnson
Pinch Hitting: RHB Jesús Sánchez 0-0: Ball
1-0: Ground out 6-3 (Groundball, 6)
Batting: RHB Chase Mueller 0-0: Ground out 5-3 (Groundball, 56S)
Batting: RHB Jorge Domínguez 0-0: Ground out 6-3 (Groundball, 56)
Top of the 7th over - 0 run(s), 0 hit(s), 0 error(s), 0 left on base; Memphis 0 - BlackIron 0
BOTTOM OF THE 7TH
BlackIron Dragons batting - Pitching for Memphis Blues : RHP Larry West
Now in RF: Mark Folger
Batting: RHB Preston MacLyan 0-0: Ground out 5-3 (Groundball, 56)
Batting: RHB Frank Maxwell 0-0: Ball
1-0: Swinging Strike
1-1: Foul Ball, location: 2F
1-2: Ball
2-2: Ball
3-2: Foul Ball, location: 2F
3-2: Base on Balls
Pitching: LHP Fernando Palácios
Pinch Runner at 1st Juan Hernández:
Batting: RHB Mark Arnold 0-0: Fly out, F6 (Popup, 6D)
Batting: RHB Doug O'Brien 0-0: Foul Ball, location: 2F
0-1: Called Strike
0-2: Foul Ball, location: 2F
0-2: Ball
1-2: Ball
2-2: Ball
3-2: Base on Balls
Juan Hernández to second
Batting: RHB Eugene Payne 0-0: Ball
1-0: Called Strike
1-1: Swinging Strike
1-2: Strikes out swinging
Bottom of the 7th over - 0 run(s), 0 hit(s), 0 error(s), 2 left on base; Memphis 0 - BlackIron 0
TOP OF THE 8TH
Memphis Blues batting - Pitching for BlackIron Dragons : LHP Ben Johnson
Now at 3B: Juan Hernández
Pinch Hitting: RHB Glenn Johnson 0-0: Ground out 6-3 (Groundball, 6M)
Batting: RHB Salvador Mendoza 0-0: Ball
1-0: Swinging Strike
1-1: Called Strike
1-2: Foul Ball, location: 2F
1-2: Ball
2-2: SINGLE (Line Drive, 89S)
Batting: RHB Artie Green 0-0: Foul Ball, location: 2F
0-1: Called Strike
0-2: Strikes out swinging
Batting: RHB Jaime Spiridon 0-0: Ball
1-0: Ball
2-0: Ground out 1-3 (Groundball, 15S)
Top of the 8th over - 0 run(s), 1 hit(s), 0 error(s), 1 left on base; Memphis 0 - BlackIron 0
BOTTOM OF THE 8TH
BlackIron Dragons batting - Pitching for Memphis Blues : LHP Fernando Palácios
Now at 1B: Juan Hernández
Batting: RHB José Colón 0-0: Ball
1-0: Foul Ball, location: 2F
1-1: Ball
2-1: Called Strike
2-2: Ball
3-2: Foul Ball, location: 2F
3-2: Strikes out swinging
Batting: RHB Boyd Pittman 0-0: Ball
1-0: Called Strike
1-1: Ball
2-1: Ball
3-1: Fly out, F4 (Popup, 34D)
Batting: RHB Gil Palmer 0-0: Ball
1-0: Called Strike
1-1: Foul Ball, location: 2F
1-2: Strikes out swinging
Bottom of the 8th over - 0 run(s), 0 hit(s), 0 error(s), 0 left on base; Memphis 0 - BlackIron 0
TOP OF THE 9TH
Memphis Blues batting - Pitching for BlackIron Dragons : LHP Ben Johnson
Pitching: RHP Clayton Hawkins
Batting: LHB Phil Cantrell 0-0: Ball
1-0: Called Strike
1-1: Foul Ball, location: 2F
1-2: Ball
2-2: Ball
3-2: SINGLE (Line Drive, 3L)
Batting: LHB Chris Austin 0-0: Fly out, F7 (Flyball, 7M)
Batting: LHB Mark Folger 0-0: Called Strike
0-1: Foul Ball, location: 2F
0-2: Ball
1-2: Ball
2-2: Fly out, F7 (Line Drive, 78M)
Batting: RHB Chase Mueller 0-0: Foul Ball, location: 2F
0-1: Foul Ball, location: 2F
0-2: Ball
1-2: Strikes out swinging
Top of the 9th over - 0 run(s), 1 hit(s), 0 error(s), 1 left on base; Memphis 0 - BlackIron 0
BOTTOM OF THE 9TH
BlackIron Dragons batting - Pitching for Memphis Blues : LHP Fernando Palácios
Pitching: RHP Lee Donahue
Batting: LHB Culley Vaughan 0-0: Called Strike
0-1: Swinging Strike
0-2: Ball
1-2: Ball
2-2: Ground out 1-6-3 (Groundball, 15S)
Pinch Hitting: LHB Chris Waggoner 0-0: Ground out 1-3 (Groundball, 23)
Pinch Hitting: LHB Manuel Cardenas 0-0: Called Strike
0-1: Ball
1-1: Ball
2-1: Ball
3-1: Base on Balls
Batting: RHB Mark Arnold 0-0: Ball
1-0: Ball
2-0: Ball
3-0: Called Strike
3-1: Called Strike
3-2: Reached on error, E5 (Groundball, 56S)
Manuel Cardenas to second
Pinch Runner at 2nd Gunner Allen:
Batting: RHB Doug O'Brien 0-0: Ball
1-0: Fly out, F3 (Popup, 3SF)
Bottom of the 9th over - 0 run(s), 0 hit(s), 1 error(s), 2 left on base; Memphis 0 - BlackIron 0
TOP OF THE 10TH
Memphis Blues batting - Pitching for BlackIron Dragons : RHP Clayton Hawkins
Now at 3B: Brady McIntyre
Now in LF: Gunner Allen
Pinch Hitting: LHB Kieran Farris 0-0: Called Strike
0-1: Called Strike
0-2: Ball
1-2: Fly out, F7 (Flyball, 78M)
Pinch Hitting: RHB Lorenzo Mota 0-0: Called Strike
0-1: Ball
1-1: Ground out 5-3 (Groundball, 56S)
Pinch Hitting: LHB Guonçalle Calvelo 0-0: Ball
1-0: Ball
2-0: Ground out 4-3 (Groundball, 4S)
Top of the 10th over - 0 run(s), 0 hit(s), 0 error(s), 0 left on base; Memphis 0 - BlackIron 0
BOTTOM OF THE 10TH
BlackIron Dragons batting - Pitching for Memphis Blues : RHP Lee Donahue
Now at C: Ángel Hernández
Now at 1B: Kieran Farris
Now at 2B: Lorenzo Mota
Batting: RHB Eugene Payne 0-0: Ball
1-0: Fly out, F9 (Flyball, 9M)
Batting: RHB José Colón 0-0: Called Strike
0-1: Called Strike
0-2: Ball
1-2: Ball
2-2: Foul Ball, location: 2F
2-2: Foul Ball, location: 2F
2-2: Fly out, F7 (Flyball, 7M)
Pitching: RHP Bill Long
Batting: RHB Boyd Pittman 0-0: DOUBLE (Flyball, 89D)
Batting: RHB Gil Palmer 0-0: Intentional Walk
Batting: LHB Culley Vaughan 0-0: Called Strike
0-1: Ground out 4-3 (Groundball, 34)
Bottom of the 10th over - 0 run(s), 1 hit(s), 0 error(s), 2 left on base; Memphis 0 - BlackIron 0
TOP OF THE 11TH
Memphis Blues batting - Pitching for BlackIron Dragons : RHP Clayton Hawkins
Pitching: LHP Roberto Ontiveros
Batting: RHB Artie Green 0-0: Foul Ball, location: 2F
0-1: Swinging Strike
0-2: Foul Ball, location: 2F
0-2: Ground out 5-3 (Groundball, 56)
Batting: RHB Jaime Spiridon 0-0: Ball
1-0: Foul Ball, location: 2F
1-1: Ball
2-1: Foul Ball, location: 2F
2-2: Fly out, F7 (Flyball, 7M)
Pinch Hitting: RHB Dave O'Neill 0-0: Ball
1-0: Ball
2-0: SINGLE (Groundball, 56S) (infield hit)
Batting: LHB Chris Austin 0-0: Ball
1-0: Called Strike
1-1: Ball
2-1: Ball
3-1: SINGLE (Groundball, 4M)
Dave O'Neill to second
Runner from 2nd tries for 3rd, SAFE, throw made to third
Chris Austin to second
Pinch Hitting: RHB Ángel López 0-0: Foul Ball, location: 2F
0-1: Fly out, F7 (Flyball, 7M)
Top of the 11th over - 0 run(s), 2 hit(s), 0 error(s), 2 left on base; Memphis 0 - BlackIron 0
BOTTOM OF THE 11TH
BlackIron Dragons batting - Pitching for Memphis Blues : RHP Bill Long
Now in CF: Dave O'Neill
Now in RF: José Cabral
Pinch Hitting: LHB Pedro Rodríguez 0-0: Ball
1-0: Foul Ball, location: 2F
1-1: Ground out 6-3 (Groundball, 6M)
Batting: RHB Gunner Allen 0-0: Ball
1-0: Ball
2-0: Ground out 6-3 (Groundball, 6M)
Batting: RHB Mark Arnold 0-0: Ball
1-0: Ball
2-0: Called Strike
2-1: Ground out 1-3 (Groundball, 13)
Bottom of the 11th over - 0 run(s), 0 hit(s), 0 error(s), 0 left on base; Memphis 0 - BlackIron 0
TOP OF THE 12TH
Memphis Blues batting - Pitching for BlackIron Dragons : LHP Roberto Ontiveros
Now at 3B: Orlando Cintrón
Batting: RHB Chase Mueller 0-0: Ball
1-0: Ball
2-0: Called Strike
2-1: Fly out, F9 (Flyball, 9D)
Batting: LHB Kieran Farris 0-0: Ball
1-0: Foul Ball, location: 2F
1-1: Foul Ball, location: 2F
1-2: Strikes out swinging
Batting: RHB Lorenzo Mota 0-0: Ball
1-0: Called Strike
1-1: Foul Ball, location: 2F
1-2: Ball
2-2: Foul Ball, location: 2F
2-2: Fly out, F7 (Flyball, 7M)
Top of the 12th over - 0 run(s), 0 hit(s), 0 error(s), 0 left on base; Memphis 0 - BlackIron 0
BOTTOM OF THE 12TH
BlackIron Dragons batting - Pitching for Memphis Blues : RHP Bill Long
Batting: RHB Doug O'Brien 0-0: Ball
1-0: Ball
2-0: Fly out, F4 (Popup, 4)
Batting: RHB Eugene Payne 0-0: Fly out, F9 (Popup, 4D)
Batting: RHB José Colón 0-0: Called Strike
0-1: Ball
1-1: SINGLE (Groundball, 6MD)
Batting: RHB Boyd Pittman 0-0: Ball
Wild Pitch!
José Colón to second
1-0: Ball
2-0: Called Strike
2-1: Foul Ball, location: 2F
2-2: Ball
3-2: Fly out, F6 (Line Drive, 6)
Bottom of the 12th over - 0 run(s), 1 hit(s), 0 error(s), 1 left on base; Memphis 0 - BlackIron 0
TOP OF THE 13TH
Memphis Blues batting - Pitching for BlackIron Dragons : LHP Roberto Ontiveros
Batting: RHB Ángel Hernández 0-0: Ball
1-0: Ball
2-0: Foul Ball, location: 2F
2-1: Ball
3-1: Called Strike
3-2: Strikes out swinging
Batting: RHB Artie Green 0-0: Ball
1-0: Foul Ball, location: 2F
1-1: Ball
2-1: Foul Ball, location: 2F
2-2: Ground out 2-3 (Groundball, 2R)
Pitching: RHP Ken Burris
Batting: RHB Jaime Spiridon 0-0: Ball
1-0: Foul Ball, location: 2F
1-1: SINGLE (Line Drive, 56D)
Pinch Hitting: SHB Fernando Gutiérrez 0-0: Ball
Wild Pitch!
Jaime Spiridon to second
1-0: Called Strike
1-1: Ball
2-1: Fly out, F7 (Flyball, 7LS)
Top of the 13th over - 0 run(s), 1 hit(s), 0 error(s), 1 left on base; Memphis 0 - BlackIron 0
BOTTOM OF THE 13TH
BlackIron Dragons batting - Pitching for Memphis Blues : RHP Bill Long
Pitching: RHP Dustin Taylor
Now in CF: Iván Jackson
Batting: RHB Gil Palmer 0-0: Swinging Strike
0-1: DOUBLE (Line Drive, 7D)
Batting: LHB Culley Vaughan 0-0: Intentional Walk
Batting: RHB Orlando Cintrón 0-0: Ball
1-0: Ball
2-0: Ball
3-0: Called Strike
3-1: Called Strike
3-2: Base on Balls
Gil Palmer to third
Culley Vaughan to second
Batting: RHB Gunner Allen 0-0: Called Strike
0-1: Ball
1-1: Grounds into fielders choice 4-2 (Groundball, 4)
Culley Vaughan to third
Orlando Cintrón to second
Batting: RHB Mark Arnold 0-0: Called Strike
0-1: Ball
1-1: Ball
2-1: Grounds into fielders choice 6-2 (Groundball, 6)
Orlando Cintrón to third
Gunner Allen to second
Pitching: LHP Mario Galván
Batting: RHB Doug O'Brien 0-0: Called Strike
0-1: Fly out, F8 (Flyball, 8LM)
Bottom of the 13th over - 0 run(s), 1 hit(s), 0 error(s), 3 left on base; Memphis 0 - BlackIron 0
TOP OF THE 14TH
Memphis Blues batting - Pitching for BlackIron Dragons : RHP Ken Burris
Batting: LHB Chris Austin 0-0: Called Strike
0-1: Foul Ball, location: 2F
0-2: DOUBLE (Groundball, 3L)
Batting: RHB José Cabral 0-0: Foul Ball, location: 2F
0-1: Foul Ball, location: 2F
0-2: SINGLE (Line Drive, 56D)
Chris Austin to third
Batting: RHB Chase Mueller 0-0: Called Strike
0-1: Fly out, F8 (Flyball, 8RD)
Runner from 3rd tags up, SCORES, no throw
Batting: LHB Kieran Farris 0-0: Ball
1-0: Grounds into double play, U6-3 (Groundball, 6)
Top of the 14th over - 1 run(s), 2 hit(s), 0 error(s), 0 left on base; Memphis 1 - BlackIron 0
BOTTOM OF THE 14TH
BlackIron Dragons batting - Pitching for Memphis Blues : LHP Mario Galván
Batting: RHB Eugene Payne 0-0: Ball
1-0: Ball
2-0: Ball
3-0: Called Strike
3-1: Foul Ball, location: 2F
3-2: Base on Balls
Batting: RHB José Colón 0-0: Called Strike
0-1: Ball
1-1: Ball
2-1: Ball
3-1: Foul Ball, location: 2F
3-2: Base on Balls
Eugene Payne to second
Batting: RHB Boyd Pittman 0-0: Called Strike
0-1: SINGLE (Groundball, 56D)
Eugene Payne to third
José Colón to second
Batting: RHB Gil Palmer 0-0: Ball
1-0: Ball
Wild Pitch!
Eugene Payne scores
José Colón to third
Boyd Pittman to second
2-0: Intentional Walk
Pitching: RHP Rafael Ressureio
Batting: LHB Culley Vaughan 0-0: Fly out, F8 (Flyball, 8RM)
Runner from 3rd tags up, SCORES, throw made
This league is powered by Out of the Park Baseball, the baseball management simulation game for PC, Mac and Linux
Tuesday, August 2nd, 2016 - OOTP Baseball 16.8 Build 38